 Dungeon Crawl Stone Soup version 0.28-a0-1234-g826d19b2e0 (webtiles) character file.

Game seed: 17612389147610348608

2867 r3xj the Protected (level 9, -7/85 HPs)
             Began as a Minotaur Fighter on Dec 23, 2021.
             Mangled by a seven-headed hydra (10 damage)
             ... on level 6 of the Dungeon.
             The game lasted 00:19:31 (7230 turns).

r3xj the Protected (Minotaur Fighter)               Turns: 7230, Time: 00:19:32

Health: -7/85      AC: 12    Str: 24    XL:     9   Next: 47%
Magic:  0/8        EV: 10    Int:  5    God:
Gold:   18         SH:  4    Dex: 11    Spells: 8/8 levels left

rFire   + . .      SeeInvis .   y - +2 trident (flame)
rCold   . . .      Faith    .   c - +0 buckler
rNeg    . . .      Spirit   +   b - +0 scale mail
rPois   .          Reflect  .   (helmet restricted)
rElec   .          Harm     .   q - +1 cloak {Stlth+}
rCorr   .          Rampage  .   (no gloves)
Will    .....                   j - +0 pair of boots
Stlth   +.........              v - amulet of guardian spirit
HPRegen 0.24/turn               r - ring of protection from fire
MPRegen 0.11/turn               (no ring)

@: no status effects
A: horns 2, retaliatory headbutt
a: no special abilities


You were on level 6 of the Dungeon.
You visited 2 branches of the dungeon, and saw 7 of its levels.
You also visited: Sewer.

You collected 256 gold pieces.
You spent 238 gold pieces at shops.

Inventory:

Hand Weapons
 y - a +2 trident of flaming (weapon)
 C - the +5 war axe of Purpose {venom, rElec rPois Str+6}
   (You bought it in a shop on level 1 of the Dungeon)

   It poisons the flesh of those it strikes.
   Str:       It affects your strength (+6).
   rElec:     It insulates you from electricity.
   rPois:     It protects you from poison.
Missiles
 B - 11 poisoned darts (quivered)
Armour
 b - a +0 scale mail (worn)
 c - a +0 buckler (worn)
 j - a +0 pair of boots (worn)
 q - a +1 cloak of stealth (worn)
Jewellery
 r - a ring of protection from fire (left hand)
 v - an amulet of guardian spirit (around neck)
Wands
 d - a wand of flame (14)
 p - a wand of iceblast (15)
Scrolls
 e - 4 scrolls of teleportation {unknown}
 g - 2 scrolls of magic mapping {unknown}
 h - 5 scrolls of identify {unknown}
 i - a scroll of immolation {unknown}
 k - a scroll of blinking {unknown}
 l - 2 scrolls of holy word {unknown}
 m - a scroll of vulnerability {unknown}
 s - 2 scrolls of enchant armour {unknown}
 t - 2 scrolls of acquirement {unknown}
 u - 2 scrolls of fog {unknown}
 w - 3 scrolls of enchant weapon {unknown}
Potions
 a - a potion of brilliance {unknown}
 f - 2 potions of degeneration {unknown}
 n - 2 potions of curing {unknown}
 o - a potion of attraction {unknown}
 x - a potion of flight {unknown}
 z - 2 potions of lignification {unknown}
 A - 2 potions of mutation {unknown}
 D - a potion of might


   Skills:
 + Level 9.7 Fighting
 + Level 9.3 Axes
 + Level 9.8 Armour
 - Level 4.0 Shields


You had 8 spell levels left.
You didn't know any spells.
Your spell library contained the following spells:

 Spells                   Type           Power      Damage    Failure   Level
 Animate Skeleton         Necr           0%         N/A       73%         1
 Pain                     Necr           0%         1d4       73%         1
 Ozocubu's Armour         Ice            0%         N/A       97%         3
 Vampiric Draining        Necr           0%         2d6       97%         3
 Animate Dead             Necr           0%         N/A       100%        4
 Hailstorm                Conj/Ice       0%         3d3       100%        4
 Ice Form                 Ice/Tmut       0%         N/A       100%        4
 Simulacrum               Ice/Necr       0%         N/A       100%        6
 Haunt                    Necr/Summ      0%         N/A       100%        7
 Ozocubu's Refrigeration  Ice            0%         4d5       100%        7
 Infestation              Necr           0%         N/A       100%        8


Dungeon Overview and Level Annotations

Branches:
Dungeon (6/15)             Temple (1/1) D:5           Sewer (visited)

Altars:
Ashenzari
Cheibriados
Elyvilon
Fedhas
Gozag
Hepliaklqana
Kikubaaqudgha
Makhleb
Nemelex Xobeh
Okawaru
Qazlal
Ru
Sif Muna
Trog
Wu Jian
Xom
Yredelemnul
Zin

Shops:
D:1 :(   D:4 [


Innate Abilities, Weirdness & Mutations

You have a pair of horns on your head.
You reflexively headbutt those who attack you in melee.


Message History

The seven-headed hydra bites you but does no damage.
The seven-headed hydra bites you. The seven-headed hydra misses you.
The seven-headed hydra closely misses you.
You are too injured to fight recklessly!
You are too injured to fight recklessly!
Unknown command.
You are too injured to fight recklessly!
Unknown command.
You are too injured to fight recklessly!
Unknown command.
You are too injured to fight recklessly!
You hit the seven-headed hydra. You burn the seven-headed hydra.
The seven-headed hydra is severely wounded.
The seven-headed hydra bites you!
* * * LOW HITPOINT WARNING * * *
The seven-headed hydra bites you!
* * * LOW HITPOINT WARNING * * *
The seven-headed hydra bites you but does no damage.
The seven-headed hydra bites you.
* * * LOW HITPOINT WARNING * * *
The seven-headed hydra bites you but does no damage. x2
You block the seven-headed hydra's attack.
You hit the seven-headed hydra. You burn the seven-headed hydra.
You headbutt the seven-headed hydra.
The seven-headed hydra is almost dead.
The seven-headed hydra barely misses you. x2
The seven-headed hydra bites you but does no damage. x3
The seven-headed hydra closely misses you.
The seven-headed hydra bites you but does no damage.
You barely miss the seven-headed hydra.
The seven-headed hydra is almost dead.
You block the seven-headed hydra's attack.
The seven-headed hydra misses you.
The seven-headed hydra closely misses you.
The seven-headed hydra bites you but does no damage.
The seven-headed hydra closely misses you.
The seven-headed hydra bites you.
* * * LOW HITPOINT WARNING * * *
The seven-headed hydra bites you!
You die...

###.####..# #.#..########
#.# #..######.#.)# #.#
#.........#..#
#.#####..###)###..########
#.........................
######.#..................
#[##...#####.##.#####
##.##D### #.##.#
#...#@#######.##.#
#.............##.#
#...#.##########.#####
#####.# #.##... #.#
#.##.## #.# #....# #.#
###### #.# #.#


You could see a seven-headed hydra.

Vanquished Creatures
  A centaur zombie (D:5)
  A slime creature (D:6)
  A steam dragon (D:6)
  Edmund (D:6)
  Duvessa (D:4)
  An ice beast (D:6)
  2 sky beasts
  A black bear (D:3)
  2 ogres
  A centaur (D:3)
  2 bullfrogs (Sewer)
  A wyvern zombie (D:6)
  A gnoll sergeant (D:5)
  2 scorpions
  A wyvern skeleton (D:5)
  Dowan (D:4)
  3 hounds
  A bullfrog zombie (D:6)
  5 jellies (D:6)
  A bullfrog skeleton (D:6)
  2 orc priests
  5 orc wizards
  Natasha (thrice) (D:4)
  3 iguanas
  11 adders
  An ufetubus (D:5)
  2 adder skeletons (D:4)
  2 worms
  4 dart slugs
  17 orcs
  32 endoplasms
  12 giant cockroaches
  4 goblins
  7 hobgoblins
  12 jackals
  19 quokkas
  20 ball pythons
  3 bats
  12 frilled lizards
  3 kobolds
  5 rats
209 creatures vanquished.

Vanquished Creatures (others)
  5 fungi (D:6)
  2 plants (D:3)
  3 withered plants (D:3)
10 creatures vanquished.

Grand Total: 219 creatures vanquished

Notes
Turn   | Place    | Note
-------+----------+-------------------------------------------
     0 | D:1      | r3xj the Minotaur Fighter began the quest for the Orb.
     0 | D:1      | Reached XP level 1. HP: 19/19 MP: 0/0
   129 | D:1      | Found Odeid's Antique Weapon Shop.
   193 | D:1      | Reached XP level 2. HP: 27/27 MP: 1/1
   285 | D:1      | Found Egiegef's Book Shoppe.
   701 | D:2      | Reached XP level 3. HP: 33/33 MP: 2/2
  1675 | D:3      | Noticed a centaur
  1682 | D:3      | Reached XP level 4. HP: 40/41 MP: 3/3
  2414 | D:3      | Killed a centaur
  2415 | D:3      | Reached skill level 5 in Fighting
  2415 | D:3      | Reached XP level 5. HP: 40/48 MP: 4/4
  2482 | D:3      | Reached skill level 5 in Armour
  2607 | D:3      | Found a faded altar of an unknown god.
  2965 | D:4      | Found Burax's Antique Armour Shop.
  2993 | D:4      | Found a snail-covered altar of Cheibriados.
  2997 | D:4      | Noticed Duvessa
  2997 | D:4      | Noticed Dowan
  3065 | D:4      | Noticed a black bear
  3076 | D:3      | Killed a black bear
  3077 | D:3      | Reached skill level 5 in Axes
  3077 | D:3      | Reached XP level 6. HP: 21/57 MP: 5/5
  3338 | D:4      | Noticed a sky beast
  3359 | D:4      | Killed Duvessa
  3360 | D:4      | Reached XP level 7. HP: 33/63 MP: 6/6
  3371 | D:4      | Killed Dowan
  3479 | D:4      | Noticed Natasha
  3486 | D:4      | Killed Natasha
  3576 | D:4      | Found a glowing drain.
  3581 | Sewer    | Entered a sewer
  4246 | Sewer    | Reached XP level 8. HP: 56/73 MP: 4/7
  4440 | D:4      | Found a sparkling altar of Nemelex Xobeh.
  4507 | D:4      | Noticed Natasha
  4514 | D:4      | Killed Natasha
  4549 | D:4      | Noticed Natasha
  4557 | D:4      | Killed Natasha
  4651 | D:5      | Entered Level 5 of the Dungeon
  4936 | D:5      | Found a bloodstained altar of Trog.
  5046 | D:5      | Found a basalt altar of Yredelemnul.
  5049 | D:5      | Found a sacrificial altar of Ru.
  5052 | D:5      | Found an opulent altar of Gozag.
  5262 | D:5      | Found a staircase to the Ecumenical Temple.
  5279 | D:5      | Found a shimmering altar of Xom.
  5701 | Temple   | Entered the Ecumenical Temple
  5960 | D:1      | Bought a fine war axe for 238 gold pieces
  5960 | D:1      | Identified the +5 war axe of Purpose {venom, rElec rPois
                  | Str+6} (You bought it in a shop on level 1 of the Dungeon)
  6134 | D:6      | Reached XP level 9. HP: 77/82 MP: 8/8
  6233 | D:6      | Found an iron altar of Okawaru.
  6432 | D:6      | Noticed Edmund
  6439 | D:6      | Killed Edmund
  6849 | D:6      | Found a broken altar of Ashenzari.
  6854 | D:6      | Noticed a seven-headed hydra
  7230 | D:6      | HP: 3/85 [seven-headed hydra (4)]
  7230 | D:6      | Mangled by a seven-headed hydra

Illustrated notes

Levels and vault maps discovered:
D:1:      nicolae_arrival_memento_mori, layout_basic, serial_shops, shop,
          nicolae_shop_waterfront
D:2:      minmay_door_path, layout_loops_ring
D:3:      layout_rooms, shapermc_ecumenical_altar_flowoftime
D:4:      layout_rooms, general_overflow_altar, cheibriados_altar_1,
          portal_sewer_entry_e, serial_shops, nicolae_stop_n_shop_1,
          uniq_natasha, uniq_duvessa
D:5:      layout_loops_ring, xom_teletrap_fun, grunt_temple_overflow_cloverleaf,
          minmay_temple_entry_hall, st_stairs_6
D:6:      lemuel_slime, layout_loops_ring, lemuel_coloured_pillars_altar,
          nicolae_ashenzari_skybound, okawaru_gym_becter, uniq_edmund
Temple:   nicolae_temple_figure_zero

Skill      XL: |  1  2  3  4  5  6  7  8  9 |
---------------+----------------------------+-----
Fighting       | 4 5 6 7 8 9 |  9.7
Armour         | 4 5 6 7 9 |  9.8
Shields        | 4 |  4.0
Axes           | 3 4 5 6 8 9 |  9.3

Action                   |  1- 3 |  4- 6 |  7- 9 || total
-------------------------+-------+-------+-------++-------
Melee: War axe           |    78 |    80 |   286 ||   444
       Headbutt          |    16 |    12 |    52 ||    80
       Trident           |       |       |    11 ||    11
  Use: Potion            |       |     1 |       ||     1
Armor: Scale mail        |    36 |    67 |   156 ||   259
Dodge: Dodged            |    35 |    70 |   141 ||   246
Block: Buckler           |    24 |    27 |    54 ||   105

Table legend: (Time is in decaauts)
 A = Elapsed time spent in this place.
 B = Non-inter-level travel time spent in this place.
 C = Inter-level travel time spent in this place.
 D = Time resting spent in this place.
 E = Time spent auto-exploring this place.
 F = Levels seen in this place.
 G = Mean time per level.
                   A        B        C        D        E       F      G
               +--------+--------+--------+--------+--------+-----+--------+
         Total |   7398 |   6910 |    488 |    879 |   4556 |   8 |  924.8 |
       Dungeon |   6423 |   5944 |    479 |    702 |   4040 |   6 | 1070.5 |
        Temple |    123 |    114 |      9 |      0 |    113 |   1 |  123.0 |
         Sewer |    851 |    851 |      0 |    177 |    402 |   1 |  851.0 |
               +--------+--------+--------+--------+--------+-----+--------+

Top non-repeatable levels by time:
     D:2: 1690 daAuts
     D:5: 1341 daAuts
     D:6: 991 daAuts
     D:4: 890 daAuts
     D:3: 858 daAuts
   Sewer: 851 daAuts
     D:1: 650 daAuts
  Temple: 123 daAuts
